 Dungeon Crawl Stone Soup version 0.28-a0-429-g1448048969 (webtiles) character file.

Game seed: 14211753497596193399

714 mathmaestro the Ruffian (level 7, -4/70 HPs)
             Began as a Troll Monk on Sept 11, 2021.
             Slain by a gargoyle (19 damage)
             ... on level 7 of the Dungeon.
             The game lasted 00:06:09 (3397 turns).

mathmaestro the Ruffian (Troll Monk)                Turns: 3397, Time: 00:06:09

Health: -4/70      AC:  6    Str: 22    XL:     7   Next: 41%
Magic:  6/6        EV: 12    Int:  6    God:
Gold:   148        SH:  0    Dex: 18    Spells: 6/6 levels left

rFire   . . .      SeeInvis .     - Unarmed
rCold   . . .      Faith    .   (no shield)
rNeg    . . .      Spirit   .   i - +2 robe {Will+}
rPois   .          Reflect  .   (helmet restricted)
rElec   .          Harm     .   (no cloak)
rCorr   .          Rampage  .   (gloves unavailable)
Will    +....                   (boots unavailable)
Stlth   ++........              (no amulet)
HPRegen 1.21/turn               l - +6 ring of dexterity
MPRegen 0.10/turn               (no ring)

@: no status effects
A: large, unfitting armour, claws 3, regeneration 1, shaggy fur 1, tough skin 1
a: no special abilities


You were on level 7 of the Dungeon.
You visited 2 branches of the dungeon, and saw 7 of its levels.

You collected 148 gold pieces.

Inventory:

Hand Weapons
 j - a +0 dagger of venom
Missiles
 b - 53 stones
 g - 86 arrows
 k - 7 sling bullets
 n - 5 javelins (quivered)
Armour
 i - a +2 robe of willpower (worn)
Jewellery
 l - a +6 ring of dexterity (left claw)
Wands
 o - a wand of iceblast (6)
Potions
 c - a potion of resistance
 d - a potion of might
 e - a potion of lignification
 f - a potion of invisibility
 h - a potion of haste
 m - 2 potions of heal wounds


   Skills:
 + Level 4.1 Fighting
 + Level 2.7 Throwing
 + Level 1.1 Armour
 + Level 4.1 Dodging
 - Level 1.0 Stealth
 + Level 5.0 Unarmed Combat
 + Level 0.9 Evocations


You had 6 spell levels left.
You didn't know any spells.
Your spell library contained the following spells:

 Spells                   Type           Power      Damage    Failure   Level
 Sublimation of Blood     Necr           0%         N/A       58%         2
 Wereblood                Tmut           0%         N/A       58%         2
 Summon Hydra             Summ           0%         N/A       100%        7


Dungeon Overview and Level Annotations

Branches:
Dungeon (5/15)             Temple (1/1) D:5

Altars:
Cheibriados
Dithmenos
Fedhas
Hepliaklqana
Kikubaaqudgha
Makhleb
Nemelex Xobeh
Qazlal
Sif Muna
Trog
Uskayaw
Vehumet
Wu Jian
Yredelemnul
Zin
The Shining One


Innate Abilities, Weirdness & Mutations

You are too large for most types of armour.
You have claws for hands.
Your natural rate of healing is unusually fast.
You are covered in fur. (AC +1)
You have tough skin. (AC +1)


Message History

You start resting.
You feel sick.
You are no longer poisoned.
You start resting.
HP restored.
You open the door.
There is an open door here.
A gargoyle comes into view. It is wielding a +0 mace.
The gargoyle misses you.
You barely miss the gargoyle.
The gargoyle hurls a stone arrow at you.
The stone arrow misses you.
You scratch the gargoyle but do no damage.
The gargoyle hurls a stone arrow at you.
The stone arrow misses you.
You claw the gargoyle!
You claw the gargoyle, but do no damage.
The gargoyle is moderately damaged.
The gargoyle hits you with a +0 mace!
You scratch the gargoyle but do no damage.
The gargoyle is moderately damaged.
The gargoyle barely misses you.
You barely miss the gargoyle.
You claw the gargoyle, but do no damage.
The gargoyle is moderately damaged.
The gargoyle hurls a stone arrow at you.
The stone arrow hits you!!
You scratch the gargoyle.
The gargoyle is heavily damaged.
The gargoyle hits you with a +0 mace!
You scratch the gargoyle but do no damage.
The gargoyle is heavily damaged.
You scratch the gargoyle.
The gargoyle is heavily damaged.
The gargoyle hurls a stone arrow at you.
The stone arrow hits you!
* * * LOW HITPOINT WARNING * * *
You scratch the gargoyle.
The gargoyle is severely damaged.
The gargoyle hits you with a +0 mace!!
You die...

######
############.#...
#........##....#
#.######.#9...$#
#.# #.##@...#.#
#.# #.........#
##.###
#####.#.###
##....## .# ..
##......## +# ##
#........#
##......##
##....##
######...####


You could see a gargoyle.

Vanquished Creatures
  Duvessa (D:4)
  An ice beast (D:3)
  A sky beast (D:5)
  An ogre (D:5)
  A scorpion (D:7)
  Dowan (D:4)
  A centaur zombie (D:7)
  An iguana (D:7)
  An orc wizard (D:4)
  A hound skeleton (D:4)
  4 adders
  2 worms (D:2)
  9 orcs
  7 ball pythons
  6 bats
  9 endoplasms
  3 giant cockroaches (D:1)
  5 goblins
  6 hobgoblins
  7 jackals
  6 kobolds
  2 quokkas
  6 frilled lizards
  5 rats
87 creatures vanquished.

Vanquished Creatures (others)
  3 plants (D:5)
3 creatures vanquished.

Grand Total: 90 creatures vanquished

Notes
Turn   | Place    | Note
-------+----------+-------------------------------------------
     0 | D:1      | mathmaestro the Troll Monk began the quest for the Orb.
     0 | D:1      | Reached XP level 1. HP: 22/22 MP: 0/0
   140 | D:1      | Reached XP level 2. HP: 29/29 MP: 1/1
   371 | D:1      | Reached XP level 3. HP: 36/36 MP: 2/2
   447 | D:1      | Found a faded altar of an unknown god.
  1309 | D:2      | Reached XP level 4. HP: 45/45 MP: 3/3
  1897 | D:3      | You fall into a shaft and drop 1 floor!
  2056 | D:3      | Noticed an ice beast
  2070 | D:3      | Killed an ice beast
  2071 | D:3      | Reached skill level 1 in Throwing
  2071 | D:3      | Reached skill level 4 in Unarmed Combat
  2071 | D:3      | Reached XP level 5. HP: 32/53 MP: 4/4
  2750 | D:4      | Noticed Duvessa
  2755 | D:4      | Reached XP level 6. HP: 61/61 MP: 5/5
  2765 | D:4      | Noticed Dowan
  2781 | D:4      | Killed Duvessa
  2799 | D:4      | Killed Dowan
  3086 | D:5      | Entered Level 5 of the Dungeon
  3094 | D:5      | Noticed a sky beast
  3106 | D:5      | Killed a sky beast
  3107 | D:5      | Reached XP level 7. HP: 66/70 MP: 6/6
  3142 | D:5      | Found a staircase to the Ecumenical Temple.
  3151 | Temple   | Entered the Ecumenical Temple
  3301 | D:5      | You fall into a shaft and drop 2 floors!
  3320 | D:7      | Reached skill level 1 in Armour
  3326 | D:7      | Reached skill level 5 in Unarmed Combat
  3387 | D:7      | Noticed a gargoyle
  3397 | D:7      | Slain by a gargoyle

Illustrated notes

Levels and vault maps discovered:
D:1:      minmay_arrival_nine_rooms, layout_loops_cross,
          hellmonk_ecumenical_altar_inner_sanctum, solitary_fountain
D:2:      layout_basic
D:3:      layout_loops_cross, chequers_serial_rivers_micro_b, minmay_cupped
D:4:      layout_loops_cross, uniq_duvessa
D:5:      layout_loops_ring, minmay_temple_entry_overgrown, hex_large,
          wad_floor_pattern_2, grunt_decor_resistance, minmay_misc_feat_encased,
          bh_walls_and_bars
D:7:      layout_loops_corners, ebering_ghost_rock_garden,
          kennysheep_another_room
Temple:   nicolae_temple_x_marks_the_god

Skill      XL: |  1  2  3  4  5  6  7 |
---------------+----------------------+-----
Fighting       | 3 4 |  4.1
Dodging        | 3 4 |  4.1
Throwing       | 1 2 |  2.7
Unarmed Combat | 4 5 |  5.0
Armour         | 1 |  1.1
Stealth        | |  1.0
Evocations     | |  0.9

Action                   |  1- 3 |  4- 6 |  7- 9 || total
-------------------------+-------+-------+-------++-------
Melee: Unarmed           |   115 |   128 |    24 ||   267
       Punch             |     1 |     3 |     3 ||     7
Throw: Javelin           |       |     5 |     2 ||     7
       Stone             |       |     2 |       ||     2
  Use: Scroll            |     5 |     6 |     4 ||    15
       Potion            |       |     3 |       ||     3
 Stab: Sleeping          |     2 |     3 |     1 ||     6
Armor: Robe              |    44 |    42 |     7 ||    93
Dodge: Dodged            |    67 |    58 |    10 ||   135

Table legend: (Time is in decaauts)
 A = Elapsed time spent in this place.
 B = Non-inter-level travel time spent in this place.
 C = Inter-level travel time spent in this place.
 D = Time resting spent in this place.
 E = Time spent auto-exploring this place.
 F = Levels seen in this place.
 G = Mean time per level.
                   A        B        C        D        E       F      G
               +--------+--------+--------+--------+--------+-----+--------+
         Total |   3379 |   3229 |    150 |     26 |   2534 |   7 |  482.7 |
       Dungeon |   3321 |   3178 |    143 |     26 |   2488 |   6 |  553.5 |
        Temple |     58 |     51 |      7 |      0 |     46 |   1 |   58.0 |
               +--------+--------+--------+--------+--------+-----+--------+

Top non-repeatable levels by time:
     D:2: 895 daAuts
     D:1: 761 daAuts
     D:4: 716 daAuts
     D:3: 696 daAuts
     D:5: 156 daAuts
     D:7: 93 daAuts
  Temple: 58 daAuts
